 Dungeon Crawl Stone Soup version 0.31-a0-233-g139696dc86 (webtiles) character file.

Game seed: 2760749165270729609

39 olmar the Covered (level 3, -6/33 HPs)
             Began as an Armataur Fighter on July 8, 2023.
             Mangled by a gnoll
             ... wielding a +0 halberd
              (9 damage)
             ... on level 2 of the Dungeon.
             The game lasted 00:00:56 (979 turns).

olmar the Covered (Armataur Fighter)                 Turns: 979, Time: 00:00:57

Health: -6/33      AC:  7    Str: 23    XL:     3   Next: 28%
Magic:  3/3        EV:  7    Int:  8    God:
Gold:   47         SH:  4    Dex:  9    Spells: 2/2 levels left

rFire   . . .        a - +0 flail
rCold   . . .        c - +0 buckler
rNeg    . . .        b - +0 scale mail
rPois   .            (no helmet)
rElec   .            (no cloak)
rCorr   .            (no gloves)
SInv    .            (no barding)
Will    .....        (no amulet) Stlth
                     (no ring)
HPRegen 0.25/turn    (no ring)
MPRegen 0.08/turn

%: roll
@: mighty
A: large, rugged brown scales 3, deformed body, armoured tail, roll, long
tongue, awkward tongue
a: no special abilities


You were on level 2 of the Dungeon.
You visited 1 branch of the dungeon, and saw 2 of its levels.

You collected 47 gold pieces.

Inventory:

Hand Weapons
 a - a +0 flail (weapon)
Missiles
 f - 2 atropa-tipped darts
Armour
 b - a +0 scale mail (worn)
 c - a +0 buckler (worn)
Scrolls
 e - a scroll of vulnerability {unknown}
 g - a scroll of identify {unknown}
 h - a scroll of blinking {unknown}
 j - a scroll of revelation {unknown}
 k - a scroll of fear {unknown}
Potions
 i - a potion of curing {unknown}
 l - a potion of brilliance {unknown}


   Skills:
 + Level 3.0 Fighting
 + Level 2.1 Maces & Flails
 + Level 4.2 Armour
 + Level 3.8 Shields


You had 2 spell levels left.
You didn't know any spells.
Your spell library was empty.

Dungeon Overview and Level Annotations

Branches:
Dungeon (2/15)

Altars:


Innate Abilities, Weirdness & Mutations

You are completely covered in rugged brown scales. (AC +3, +7% HP)
Armour fits poorly on your strangely shaped body.
You have a long armoured tail.
You roll when moving toward enemies. (Rampage)
Your long tongue fully drains potion bottles. (2x potion effects)
Your tongue gives you trouble enunciating. (1.5x scroll delay)


Message History

Your experience leads to an increase in your attributes!
Increase (S)trength, (I)ntelligence, or (D)exterity?
You feel stronger. x2
Unknown command.
l - an amethyst potion A kobold and 3 gnolls come into view.
The kobold shouts!
The gnoll shouts! x3
The kobold throws a stone.
The stone closely misses you.
There are monsters nearby!
There are monsters nearby!
Okay, then.
The kobold throws a stone.
The stone hits you but does no damage.
Unknown command.
You feel very mighty all of a sudden.
You slurp down every last drop of the potion of might!
You barely miss the kobold. You tail-slap the kobold.
You kill the kobold!
Unknown command.
The gnoll barely misses you. The gnoll hits you with a +0 flail.
Things that are here:
a +0 whip; 2 stones; a kobold corpse You barely miss the gnoll.
The gnoll barely misses you. The gnoll hits you with a +0 flail!
The gnoll hits you from afar with a +0 halberd!
You roll towards the gnoll!
You barely miss the gnoll. The gnoll hits you but does no damage.
The gnoll barely misses you. You block the gnoll's attack.
You bludgeon the gnoll!!
You kill the gnoll!
The gnoll hits you but does no damage. You block the gnoll's attack.
Unknown command.
The gnoll barely misses you.
Things that are here:
a +0 halberd; a gnoll corpse You sock the gnoll!
The gnoll is almost dead.
The gnoll hits you with a +0 flail!
* * * LOW HITPOINT WARNING * * *
The gnoll hits you with a +0 halberd!
You die...

# #.# #.# .# #
#.########.##.# #
#.............###.
######.......#........
......................
..####.#####.#........
..####.# #.#)######...
.......# #.#.g........
##.##### #.###@######
##.# #....g# ...#
#......+ .### #.####.#
.# # #.# ## #.# #.#
#.#


You could see 2 gnolls.

Vanquished Creatures
  A gnoll (D:2)
  A dart slug (D:1)
  4 ball pythons
  3 bats (D:1)
  An endoplasm (D:1)
  2 giant cockroaches (D:2)
  3 goblins (D:1)
  A hobgoblin (D:1)
  2 quokkas
  4 frilled lizards
  3 kobolds
  A rat (D:1)
26 creatures vanquished.

Notes
Turn   | Place    | Note
-------+----------+-------------------------------------------
     0 | D:1      | olmar the Armataur Fighter began the quest for the Orb.
     0 | D:1      | Reached XP level 1. HP: 19/19 MP: 1/1
     0 | D:1      | Noticed a large abomination
     0 | D:1      | Noticed a shadow dragon
     1 | D:1      | Noticed a shadow dragon
     3 | D:1      | Noticed a shadow dragon
     3 | D:1      | Noticed a red draconian
     5 | D:1      | Noticed a tentacled monstrosity
     6 | D:1      | Noticed an ice dragon
     7 | D:1      | Noticed a large abomination
     9 | D:1      | Noticed a tentacled monstrosity
    11 | D:1      | Noticed a shadow dragon
    13 | D:1      | Noticed a golden dragon
    13 | D:1      | Noticed a large abomination
    15 | D:1      | Noticed a shadow dragon
    15 | D:1      | Noticed a tentacled monstrosity
    17 | D:1      | Noticed a large abomination
    17 | D:1      | Noticed an orb of fire
    17 | D:1      | Noticed a shadow dragon
    21 | D:1      | Noticed an orb of fire
   284 | D:1      | Reached XP level 2. HP: 26/26 MP: 2/2
   363 | D:1      | Reached skill level 4 in Armour
   933 | D:2      | Reached XP level 3. HP: 33/33 MP: 3/3
   979 | D:2      | Mangled by a gnoll

Illustrated notes

Levels and vault maps discovered:
D:1:      shiori_arrival_whats_in_store_for_you, layout_loops_ring,
          chequers_serial_rivers_room_b, chequers_serial_rivers_large_a
D:2:      layout_basic

Skill      XL: |  1  2 |
---------------+-------+-----
Armour         | 4 |  4.2
Fighting       | 3 |  3.0
Maces & Flails | 2 |  2.1
Shields        | |  3.8

Action                     || total
---------------------------++-------
  Melee: Flail             ||    81
         Tailslap          ||     5
    Use: Potion            ||     1
 Armour: Scale mail        ||    56
  Dodge: Dodged            ||    22
  Block: Buckler           ||    22

Table legend: (Time is in decaauts)
 A = Elapsed time spent in this place.
 B = Non-inter-level travel time spent in this place.
 C = Inter-level travel time spent in this place.
 D = Time resting spent in this place.
 E = Time spent auto-exploring this place.
 F = Levels seen in this place.
 G = Mean time per level.
                   A        B        C        D        E       F      G
               +--------+--------+--------+--------+--------+-----+--------+
         Total |   1005 |    991 |     14 |     42 |    760 |   2 |  502.5 |
       Dungeon |   1005 |    991 |     14 |     42 |    760 |   2 |  502.5 |
               +--------+--------+--------+--------+--------+-----+--------+

Top non-repeatable levels by time:
     D:1: 818 daAuts
     D:2: 186 daAuts
